AoeStats
← 大王同学

Arena

505884732Analyzed
4v4 RM · 20d ago on Sep 11, 2026· 69m 17s· 8 players
Game mode
Random Map
Map size
Large (8 player)
Population
200
Speed
Normal
Resources
Standard
Victory
Conquest
Starting age
Dark Age
Ending age
Imperial Age
RankedLock teamsTeams togetherTeam positionsShared explorationLock speedFull tech treeHidden civsTurbo modeCheats
Victory
Defeat
🇨🇳 Romans · China
1317
+11
🇭🇰 Japanese · Hong Kong SAR China
1267
+13
🇭🇰 Jurchens · Hong Kong SAR China
1240
+14
🇨🇳 Bohemians · China
1120
+20
🇪🇸 Spanish · Spain
1236
-16
🇹🇼 Wei · Taiwan
1201
-14
🇨🇳 Romans · China
1190
-14
🇺🇸 Magyars · United States
1188
-14
Zach
5:30 Loom
9:44 Feudal Age
9:06 Loom
9:40 Loom
11:47 Bloodlines
12:21 Loom
12:30 Horse Collar
13:11 Loom
13:33 Scale Barding Armor
15:56 Bloodlines
21:38 Castle Age
22:56 Chain Barding Armor
21:58 Light Cavalry
22:39 Husbandry
25:37 Double-Bit Axe
26:11 Gold Mining
28:03 Heavy Plow
28:26 Stone Mining
33:56 Bow Saw
38:43 Imperial Age
36:49 Wheelbarrow
38:49 Cavalier
39:53 Conscription
39:15 Onager
43:46 Fletching
43:57 Padded Archer Armor
44:31 Thumb Ring
43:55 Crossbowman
51:10 Two-Man Saw
51:13 Bodkin Arrow
54:41 Pikeman
55:07 Arson
64:26 Scale Mail Armor
來都來了
10:39 Feudal Age
15:18 Castle Age
13:54 Horse Collar
14:41 Double-Bit Axe
16:55 Gold Mining
18:51 Stone Mining
20:18 Bow Saw
21:09 Wheelbarrow
20:24 Loom
21:40 Town Watch
22:56 Heavy Plow
28:38 Imperial Age
26:51 Scale Barding Armor
26:56 Forging
27:23 Bloodlines
27:55 Husbandry
28:44 Chain Barding Armor
29:52 Tuntian
30:59 Crop Rotation
32:34 Ming Guang Armor
33:02 Iron Casting
33:36 Gold Shaft Mining
33:34 Conscription
33:20 Elite Tiger Cavalry
35:26 Blast Furnace
37:07 Fletching
38:01 Bodkin Arrow
38:35 Ballistics
39:16 Chemistry
39:00 Hand Cart
39:57 Bracer
41:05 Town Patrol
42:06 Stone Shaft Mining
44:14 Hoardings
50:00 Light Cavalry
51:19 Treadmill Crane
51:22 Hussar
59:48 Elite Skirmisher
60:33 Thumb Ring
60:35 Padded Archer Armor
63:12 Leather Archer Armor
66:37 Ring Archer Armor
66:18 Heavy Hei Guang Cavalry
Ponfe
5:11 Loom
10:49 Feudal Age
11:02 Feudal Age
15:28 Castle Age
14:03 Stone Mining
14:29 Double-Bit Axe
14:51 Horse Collar
17:13 Town Watch
24:59 Wheelbarrow
24:32 Gold Mining
24:58 Bow Saw
26:23 Heavy Plow
31:41 Imperial Age
29:58 Scale Barding Armor
30:03 Forging
31:16 Chain Barding Armor
31:14 Hand Cart
31:22 Gold Mining
32:32 Bloodlines
32:22 Husbandry
31:47 Cavalier
33:12 Conscription
34:20 Plate Barding Armor
34:23 Iron Casting
34:39 Paladin
38:25 Blast Furnace
38:45 Two-Man Saw
42:14 Chemistry
41:20 Padded Archer Armor
43:06 Leather Archer Armor
43:10 Masonry
44:22 Ring Archer Armor
47:52 Coinage
49:43 Murder Holes
49:41 Fletching
50:52 Ballistics
50:42 Fortified Wall
51:05 Architecture
50:31 Bodkin Arrow
53:46 Hoardings
53:37 Light Cavalry
55:57 Elite Skirmisher
56:43 Thumb Ring
56:56 Scale Mail Armor
56:28 Hussar
58:04 Pikeman
58:44 Squires
58:30 Arson
59:45 Bombard Tower
61:41 Chain Mail Armor
60:59 Halberdier
心焰
10:54 Feudal Age
11:51 Double-Bit Axe
14:25 Castle Age
12:52 Horse Collar
15:47 Bow Saw
20:54 Wheelbarrow
22:30 Gold Mining
23:15 Heavy Plow
26:16 Gold Shaft Mining
28:22 Imperial Age
26:16 Hand Cart
25:47 Loom
26:06 Stone Mining
26:05 Pikeman
26:46 Squires
27:00 Forging
26:51 Scale Mail Armor
26:59 Town Watch
28:50 Halberdier
30:09 Iron Casting
29:50 Chain Mail Armor
29:25 Capped Ram
29:26 Heavy Scorpion
31:05 Conscription
32:25 Ballistics
32:14 Ballistas
33:56 Blast Furnace
32:59 Light Cavalry
33:49 Bloodlines
33:40 Husbandry
34:03 Comitatenses
35:42 Chemistry
35:18 Fortified Wall
35:33 Scale Barding Armor
35:24 Fletching
35:34 Padded Archer Armor
40:25 Chain Barding Armor
40:02 Bodkin Arrow
40:23 Leather Archer Armor
39:45 Siege Ram
41:38 Crop Rotation
42:46 Man-at-Arms
45:51 Long Swordsman
50:01 Plate Barding Armor
56:27 Caravan
59:14 Town Patrol
65:32 Siege Engineers
65:22 Murder Holes
65:38 Masonry
大王同学
11:55 Feudal Age
16:00 Castle Age
14:21 Double-Bit Axe
14:23 Horse Collar
16:57 Bow Saw
17:37 Wheelbarrow
18:08 Heavy Plow
22:10 Loom
22:12 Town Watch
23:40 Gold Mining
26:24 Hand Cart
26:17 Stone Mining
29:18 Imperial Age
27:48 Fletching
28:06 Scale Barding Armor
28:11 Forging
28:45 Gold Shaft Mining
28:58 Bodkin Arrow
29:33 Bloodlines
29:23 Husbandry
29:46 Chain Barding Armor
29:26 Padded Archer Armor
30:21 Stone Shaft Mining
29:59 Padded Archer Armor
30:30 Ballistics
31:10 Chemistry
30:55 Iron Casting
31:07 Masonry
31:27 Bracer
34:57 Leather Archer Armor
35:14 Architecture
34:49 Siege Engineers
35:11 Conscription
34:53 Fortified Bastions
36:34 Ring Archer Armor
35:48 Treadmill Crane
36:03 Murder Holes
37:00 Hoardings
36:40 Pikeman
37:20 Squires
37:22 Scale Mail Armor
38:25 Chain Mail Armor
38:52 Halberdier
40:41 Blast Furnace
40:38 Crop Rotation
41:16 Two-Man Saw
42:51 Thunderclap Bombs
46:14 Heavy Rocket Cart
47:12 Fortified Wall
50:59 Elite Iron Pagoda
56:42 Arrowslits
56:47 Guard Tower
58:28 Plate Barding Armor
66:47 Caravan
B站星熙社长
10:19 Feudal Age
13:02 Horse Collar
15:37 Castle Age
14:01 Double-Bit Axe
19:35 Loom
24:16 Fortified Wall
25:02 Wheelbarrow
27:26 Imperial Age
25:10 Scale Mail Armor
25:24 Town Watch
26:19 Heavy Plow
27:34 Bow Saw
28:19 Hand Cart
28:19 Stone Mining
28:17 Pikeman
29:35 Ballistics
29:51 Gold Mining
31:11 Chain Mail Armor
31:00 Squires
31:12 Forging
34:04 Gold Shaft Mining
33:35 Fletching
34:47 Chemistry
33:44 Murder Holes
34:22 Conscription
34:26 Halberdier
37:03 Heavy Scorpion
37:49 Capped Ram
39:13 Iron Casting
39:52 Siege Engineers
39:59 Masonry
39:48 Bodkin Arrow
40:46 Ballistas
41:09 Man-at-Arms
42:11 Comitatenses
43:51 Blast Furnace
45:01 Scale Barding Armor
44:18 Long Swordsman
45:22 Legionary
49:52 Coinage
49:44 Siege Ram
58:39 Comitatenses
59:13 Architecture
64:07 Crop Rotation
64:06 Elite Centurion
67:05 Chain Barding Armor
精锐步兵
11:11 Feudal Age
15:05 Castle Age
13:22 Double-Bit Axe
13:22 Horse Collar
16:34 Bow Saw
22:54 Wheelbarrow
22:06 Loom
23:17 Gold Mining
23:19 Town Watch
25:36 Treadmill Crane
28:39 Imperial Age
26:34 Hand Cart
27:28 Gold Shaft Mining
26:44 Stone Mining
27:41 Fletching
27:51 Padded Archer Armor
28:33 Bodkin Arrow
29:02 Ballistics
28:53 Fortified Wall
28:53 Masonry
29:21 Leather Archer Armor
28:57 Heavy Cavalry Archer
30:02 Parthian Tactics
29:43 Thumb Ring
30:26 Bracer
31:30 Chemistry
32:20 Two-Man Saw
32:12 Ring Archer Armor
32:31 Siege Engineers
33:03 Forging
32:53 Scale Mail Armor
32:16 Pikeman
32:57 Squires
33:22 Conscription
33:57 Kataparuto
33:14 Elite Samurai
35:37 Hoardings
36:03 Iron Casting
35:44 Chain Mail Armor
35:16 Arson
34:52 Halberdier
44:52 Blast Furnace
44:22 Plate Mail Armor
51:28 Coinage
55:43 Banking
61:34 Masonry
61:20 Murder Holes
68:40 Man-at-Arms
69:06 Gambesons
K12580
11:17 Feudal Age
15:09 Castle Age
13:32 Double-Bit Axe
14:15 Loom
24:10 Pikeman
45:14 Wheelbarrow
47:48 Imperial Age
46:01 Horse Collar
47:18 Wheelbarrow
48:08 Elite Skirmisher
48:24 Halberdier
49:05 Squires
51:10 Forging
51:01 Scale Mail Armor
50:51 Fletching
51:05 Padded Archer Armor
56:18 Iron Casting
55:58 Chain Mail Armor
55:38 Bodkin Arrow
55:59 Leather Archer Armor
56:48 Chemistry
55:30 Treadmill Crane
58:21 Hand Cart
58:19 Bow Saw
58:52 Conscription
64:48 Houfnice
69:09 Wagenburg Tactics
Connection lost

Rejoining the realm…

Still unreachable

The connection could not be restored.

Session expired

The server has moved on; the page needs a fresh start.